[Event "Turkish Cup 2024"]
[Site "Denizli"]
[Date "2024.08.04"]
[Round "9"]
[White "Yasin, Hur"]
[Black "Hatirli, Ugur Can"]
[Result "1/2-1/2"]
[ECO "B43"]
[WhiteElo "1879"]
[BlackElo "1948"]
[Annotator "RC"]
[PlyCount "115"]
[EventDate "2024.08.01"]
[EventType "swiss"]
[EventCountry "TUR"]
[SourceTitle "playchess.com"]
[Source "ChessBase"]
[SourceQuality "1"]
[TimeControl "5400+30"]

1. e4 c5 2. Nf3 e6 3. d4 cxd4 4. Nxd4 a6 5. Nc3 b5 6. a3 Bb7 7. Bd3 Nc6 8. Nxc6 Bxc6 9. Bf4 Ne7 10. Qe2 Ng6 11. Bg3 Be7 12. O-O d6 13. f4 O-O 14. Qh5 Bf6 15. Nd1 Qb6+ 16. Kh1 Qb7 17. Qe2 Rfe8 18. c3 Rad8 19. Nf2 Be7 20. Nh3 Nf8 21. Rae1 f6 22. Ng1 e5 23. fxe5 dxe5 24. Bb1 Bd7 25. Ba2+ Be6 26. Bxe6+ Nxe6 27. Qg4 Nf8 28. Nf3 Qd7 29. Qh5 Ng6 30. h4 a5 31. Nh2 b4 32. axb4 axb4 33. Qf3 bxc3 34. bxc3 Nf8 35. Ng4 Bc5 36. Rd1 Qe6 37. h5 h6 38. Bh4 Nh7 39. Qg3 Kh8 40. Rxd8 Rxd8 41. Nxe5 Rc8 42. Ng6+ Kg8 43. e5 fxe5 44. Re1 e4 45. Qf4 Re8 46. Qc7 Bd6 47. Qb7 e3 48. Qb6 e2 49. Qb5 Nf6 50. Bxf6 gxf6 51. Qd3 Bb8 52. Nh4 Qe4 53. Qxe4 Rxe4 54. Nf5 Rf4 55. Ne3 Re4 56. Nf5 Rf4 57. Ne3 Re4 58. Nf5 1/2-1/2

[Event "Turkish Cup 2024"]
[Site "Denizli"]
[Date "2024.08.04"]
[Round "9"]
[White "Zuberoglu, Ibrahim Berk"]
[Black "Ucar, Umut Can"]
[Result "1-0"]
[ECO "C50"]
[WhiteElo "1870"]
[BlackElo "1684"]
[Annotator "NA COMBH"]
[PlyCount "91"]
[EventDate "2024.08.01"]
[EventType "swiss"]
[EventCountry "TUR"]
[SourceTitle "playchess.com"]
[Source "ChessBase"]
[SourceQuality "1"]
[TimeControl "5400+30"]

1. e4 e5 2. Nf3 Nc6 3. Bc4 Bc5 4. d3 Nf6 5. O-O h6 6. Re1 d6 7. a4 a6 8. c3 O-O 9. Bb3 Re8 10. Nbd2 Be6 11. Bc2 d5 12. b4 Ba7 13. Bb2 dxe4 14. Nxe4 Nxe4 15. Rxe4 Bf5 16. Re1 f6 17. Nh4 Bh7 18. Bb3+ Kh8 19. Bf7 Re7 20. Ng6+ Bxg6 21. Bxg6 Rd7 22. Bf5 Rd6 23. Qh5 Ne7 24. Be4 c6 25. Re2 b5 26. axb5 axb5 27. Rae1 Bb6 28. d4 Re6 29. Qh3 Qc8 30. Bb1 Rd6 31. Qd3 g6 32. Qe4 Re6 33. Qh4 Qf8 34. Bc1 Kh7 35. Qh3 Rd6 36. Qg3 Re6 37. Qh3 Rd6 38. f4 Nd5 39. fxe5 fxe5 40. Rxe5 Nxc3 41. Bxh6 Bxd4+ 42. Be3+ Kg8 43. Bxd4 Rxd4 44. Qxc3 Rad8 45. Ba2+ Kg7 46. Re7+ 1-0

[Event "Turkish Cup 2024"]
[Site "Denizli"]
[Date "2024.08.04"]
[Round "9"]
[White "Selvi, Kaan"]
[Black "Yardimci, Can"]
[Result "1/2-1/2"]
[ECO "B24"]
[WhiteElo "1863"]
[BlackElo "1930"]
[Annotator "RC"]
[PlyCount "124"]
[EventDate "2024.08.01"]
[EventType "swiss"]
[EventCountry "TUR"]
[SourceTitle "playchess.com"]
[Source "ChessBase"]
[SourceQuality "1"]
[TimeControl "5400+30"]

1. e4 c5 2. Nf3 e6 3. d4 cxd4 4. Nxd4 Nf6 5. Nc3 Nc6 6. g3 d5 7. exd5 exd5 8. Bg2 Bg4 9. Qd3 Bc5 10. Nxc6 bxc6 11. O-O O-O 12. Na4 Be7 13. Be3 Qa5 14. b3 Rfd8 15. Rfe1 Be6 16. Rad1 Rac8 17. Bd2 Qb5 18. Bf1 Qxd3 19. cxd3 c5 20. Rc1 Rd7 21. Be3 Rdc7 22. Rc2 Bd6 23. Rec1 Nd7 24. Be2 Bf5 25. Kg2 h6 26. h3 Re8 27. Nb2 Nb6 28. Bg4 Bxg4 29. hxg4 Rec8 30. a4 Be5 31. a5 Bxb2 32. Rxb2 Nd7 33. Rbc2 a6 34. Bf4 Rc6 35. Be3 Kf8 36. b4 c4 37. dxc4 Rxc4 38. Rxc4 dxc4 39. Bc5+ Ke8 40. Rxc4 Nxc5 41. bxc5 Kd7 42. Rd4+ Kc6 43. Rd6+ Kb7 44. Rb6+ Ka7 45. c6 Rb8 46. c7 Rc8 47. Rc6 Kb7 48. Rb6+ Ka7 49. Rd6 Rxc7 50. f4 Kb7 51. Rb6+ Ka7 52. Kh3 Rc5 53. Rd6 Kb7 54. Rd7+ Rc7 55. Rd6 Rc6 56. Rd7+ Rc7 57. Rd8 Kc6 58. Rg8 g6 59. Rb8 Rb7 60. Rd8 Kb5 61. Rd5+ Kc6 62. Rd8 Kb5 1/2-1/2

[Event "Turkish Cup 2024"]
[Site "Denizli"]
[Date "2024.08.04"]
[Round "9"]
[White "Var, Sefa"]
[Black "Yilmaz, Kerem Tuna"]
[Result "0-1"]
[ECO "E65"]
[WhiteElo "1841"]
[BlackElo "2025"]
[Annotator "RC"]
[PlyCount "72"]
[EventDate "2024.08.01"]
[EventType "swiss"]
[EventCountry "TUR"]
[SourceTitle "playchess.com"]
[Source "ChessBase"]
[SourceQuality "1"]
[TimeControl "5400+30"]

1. c4 Nf6 2. g3 g6 3. Bg2 Bg7 4. Nc3 O-O 5. Nf3 c5 6. O-O Nc6 7. d4 cxd4 8. Nxd4 Ne5 9. b3 d6 10. e4 a6 11. h3 Bd7 12. Be3 Qa5 13. Rc1 Rac8 14. Nde2 Bc6 15. a4 Ned7 16. Rb1 Qc7 17. a5 b6 18. axb6 Nxb6 19. Qd2 Ra8 20. Rfc1 Qb7 21. Nd5 Nbxd5 22. exd5 Bd7 23. Nd4 a5 24. Ra1 Qb4 25. Qd3 a4 26. Bd2 Qb6 27. b4 Nxd5 28. Bxd5 Bxd4 29. c5 dxc5 30. bxc5 Qf6 31. Bxa8 Qxf2+ 32. Kh1 Rxa8 33. Qe4 Rc8 34. c6 Qxd2 35. Rd1 Bxc6 36. Qxc6 Rxc6 0-1

[Event "Turkish Cup 2024"]
[Site "Denizli"]
[Date "2024.08.04"]
[Round "9"]
[White "Sozat, Arda"]
[Black "Demirci, Fatih"]
[Result "1-0"]
[ECO "B14"]
[WhiteElo "1836"]
[BlackElo "1885"]
[Annotator "NA RC"]
[PlyCount "117"]
[EventDate "2024.08.01"]
[EventType "swiss"]
[EventCountry "TUR"]
[SourceTitle "playchess.com"]
[Source "ChessBase"]
[SourceQuality "1"]
[TimeControl "5400+30"]

1. e4 c6 2. d4 d5 3. exd5 cxd5 4. c4 Nf6 5. Nc3 Nc6 6. Nf3 e6 7. c5 Be7 8. Bb5 O-O 9. Bxc6 bxc6 10. O-O Nd7 11. Re1 Qc7 12. Qc2 e5 13. Nxe5 Nxe5 14. dxe5 Bxc5 15. Bd2 Qb6 16. Be3 Bxe3 17. Rxe3 Re8 18. Na4 Qc7 19. Rc1 d4 20. Ree1 Re6 21. Qc4 Rg6 22. Qxd4 Bh3 23. g3 Rd8 24. Qe3 Qd7 25. Nc3 Qf5 26. Rcd1 Re8 27. Qe4 Qh5 28. Ne2 Bf5 29. Qg2 Bh3 30. Qe4 Bf5 31. Qg2 Bh3 32. Qe4 Bf5 33. Qh1 Qg5 34. f4 Qe7 35. Qg2 h5 36. h4 Qb4 37. Nc3 Rb8 38. Rd2 Re8 39. Kh2 Rg4 40. Re3 Re6 41. Ne4 Bxe4 42. Rd8+ Kh7 43. Qxe4+ Qxe4 44. Rxe4 Re7 45. Red4 Rb7 46. b3 Rb5 47. Rc4 Rb6 48. Rd7 Ra6 49. a4 Rb6 50. Rc3 Kg8 51. Rxa7 Rb4 52. Rd7 Re4 53. Rd2 g5 54. hxg5 Kg7 55. a5 Rb4 56. a6 Rb6 57. Ra2 h4 58. a7 hxg3+ 59. Kg2 1-0

[Event "Turkish Cup 2024"]
[Site "Denizli"]
[Date "2024.08.04"]
[Round "9"]
[White "Adiguzel, Hakan"]
[Black "Tahaoglu, Erkin"]
[Result "1/2-1/2"]
[ECO "B33"]
[WhiteElo "1821"]
[BlackElo "1916"]
[Annotator "RC"]
[PlyCount "101"]
[EventDate "2024.08.01"]
[EventType "swiss"]
[EventCountry "TUR"]
[SourceTitle "playchess.com"]
[Source "ChessBase"]
[SourceQuality "1"]
[TimeControl "5400+30"]

1. e4 c5 2. Nf3 Nc6 3. d4 cxd4 4. Nxd4 Nf6 5. Nc3 e5 6. Ndb5 d6 7. Bg5 a6 8. Na3 b5 9. Nd5 Be7 10. Bxf6 Bxf6 11. c3 O-O 12. Nc2 Rb8 13. g3 Bg5 14. Bg2 Ne7 15. Ncb4 Bb7 16. Nxe7+ Qxe7 17. Nd5 Qe6 18. h4 Bh6 19. Bh3 f5 20. Qb3 Bxd5 21. Qxd5 Qxd5 22. exd5 g6 23. O-O Rfc8 24. a3 Kf7 25. h5 a5 26. hxg6+ hxg6 27. Rfd1 e4 28. Bg2 Kf6 29. Re1 Rc5 30. Rad1 b4 31. cxb4 axb4 32. axb4 Rc2 33. f3 Bd2 34. Re2 e3 35. Ra1 Rb6 36. f4 Rxb2 37. Ra8 R2xb4 38. Bf3 Rb1+ 39. Kg2 Rb8 40. Ra4 Rh8 41. Ra6 Rhh1 42. Rxd6+ Ke7 43. Re6+ Kf7 44. R2xe3 Bxe3 45. Rxe3 Rhe1 46. Be2 Rb2 47. Kf2 Rd1 48. Re5 Rd4 49. Ke3 Rbd2 50. g4 fxg4 51. Bxg4 1/2-1/2

[Event "Turkish Cup 2024"]
[Site "Denizli"]
[Date "2024.08.04"]
[Round "9"]
[White "Sevig, Mert Can"]
[Black "Baylav, Can"]
[Result "1-0"]
[ECO "B22"]
[WhiteElo "1818"]
[BlackElo "2086"]
[Annotator "RC"]
[PlyCount "115"]
[EventDate "2024.08.01"]
[EventType "swiss"]
[EventCountry "TUR"]
[SourceTitle "playchess.com"]
[Source "ChessBase"]
[SourceQuality "1"]
[TimeControl "5400+30"]

1. e4 c5 2. c3 d5 3. exd5 Nf6 4. Bb5+ Nbd7 5. d4 Nxd5 6. dxc5 e6 7. c6 bxc6 8. Bxc6 Rb8 9. Bxd5 exd5 10. Ne2 Nf6 11. Nd4 Qe7+ 12. Be3 Rxb2 13. O-O Qc7 14. Re1 Be7 15. Bf4 Qc5 16. Bc1 Rb7 17. Ba3 Qb6 18. Nd2 Qa6 19. Bc5 Be6 20. N2b3 O-O 21. Nf5 Bxc5 22. Nxc5 Qb6 23. Nxb7 Bxf5 24. Re5 Be4 25. Re7 Rb8 26. Qb3 Qxb3 27. axb3 Kf8 28. Rc7 Ne8 29. Nc5 Nxc7 30. Nd7+ Ke7 31. Nxb8 Kd6 32. Rxa7 Bd3 33. Rb7 Nb5 34. c4 Nc3 35. cxd5 Nxd5 36. Rxf7 g5 37. Rd7+ Kc5 38. Rg7 h6 39. Nd7+ Kd6 40. Nf8 Nf4 41. Rd7+ Ke5 42. g3 Ne2+ 43. Kf1 Nd4+ 44. Ke1 Bf5 45. Rb7 Nf3+ 46. Ke2 Nxh2 47. Rb5+ Ke4 48. Rb4+ Ke5 49. Rb6 h5 50. f3 g4 51. f4+ Kd4 52. Rh6 Nf3 53. Rxh5 Ke4 54. b4 Nd4+ 55. Kf2 Nb5 56. Ng6 Nd6 57. Ne7 Bd7 58. Rd5 1-0

[Event "Turkish Cup 2024"]
[Site "Denizli"]
[Date "2024.08.04"]
[Round "9"]
[White "Seker, Cinar"]
[Black "Cicek, Bilal Emre"]
[Result "1-0"]
[ECO "B40"]
[WhiteElo "1815"]
[BlackElo "1963"]
[Annotator "RC"]
[PlyCount "57"]
[EventDate "2024.08.01"]
[EventType "swiss"]
[EventCountry "TUR"]
[SourceTitle "playchess.com"]
[Source "ChessBase"]
[SourceQuality "1"]
[TimeControl "5400+30"]

1. e4 c5 2. Nf3 e6 3. b3 a6 4. Bb2 Nc6 5. c4 d6 6. g3 e5 7. Nc3 Nge7 8. Bg2 g6 9. d3 Bg7 10. Nd2 O-O 11. h4 h6 12. g4 Nd4 13. Nf1 f5 14. gxf5 gxf5 15. Ne3 Ng6 16. exf5 Nxh4 17. Bd5+ Kh8 18. Qh5 Ndxf5 19. O-O-O Qe8 20. Rxh4 Nxh4 21. Qxh4 Rf4 22. Qg3 Ra7 23. Ne4 Qf8 24. Rh1 b5 25. Qg6 bxc4 26. Ng5 Bf5 27. Nxf5 Qxf5 28. Rxh6+ Bxh6 29. Qg8# 1-0

[Event "Turkish Cup 2024"]
[Site "Denizli"]
[Date "2024.08.04"]
[Round "9"]
[White "Saltik, Suleyman"]
[Black "Kurdas, Halil Ibrahim"]
[Result "1-0"]
[ECO "E11"]
[WhiteElo "1776"]
[BlackElo "1855"]
[Annotator "NA COMBH"]
[PlyCount "91"]
[EventDate "2024.08.01"]
[EventType "swiss"]
[EventCountry "TUR"]
[SourceTitle "playchess.com"]
[Source "ChessBase"]
[SourceQuality "1"]
[TimeControl "5400+30"]

1. d4 d5 2. c4 e6 3. Nf3 Nf6 4. g3 Bb4+ 5. Bd2 Be7 6. Bg2 c6 7. Nc3 Nbd7 8. Qc2 b6 9. cxd5 exd5 10. O-O O-O 11. e4 dxe4 12. Nxe4 Bb7 13. Ne5 Rc8 14. Rac1 Nxe4 15. Bxe4 Nf6 16. Bf5 Rc7 17. Bf4 c5 18. dxc5 Qd5 19. c6 Rxc6 20. Nxc6 Bc5 21. Qxc5 Qxc5 22. Rxc5 bxc5 23. Ne5 Re8 24. h4 g6 25. Nd7 Nd5 26. Bg4 c4 27. Bf3 Nxf4 28. Nf6+ Kf8 29. Nxe8 Bxf3 30. gxf4 Kxe8 31. Re1+ Kd7 32. Re3 Bb7 33. Ra3 Kc6 34. Rxa7 Kb6 35. Ra3 Kc5 36. Kf1 Kd4 37. Re3 Ba6 38. Ke1 Bc8 39. Kd2 h6 40. Re8 Bf5 41. a4 Kc5 42. Kc3 Bd7 43. Re5+ Kd6 44. a5 f6 45. Re4 Bb5 46. Rxc4 1-0

[Event "Turkish Cup 2024"]
[Site "Denizli"]
[Date "2024.08.04"]
[Round "9"]
[White "Gunal, Yusuf Kursat"]
[Black "Akbas, Kaan"]
[Result "0-1"]
[ECO "A46"]
[WhiteElo "1773"]
[BlackElo "1990"]
[Annotator "RC"]
[PlyCount "120"]
[EventDate "2024.08.01"]
[EventType "swiss"]
[EventCountry "TUR"]
[SourceTitle "playchess.com"]
[Source "ChessBase"]
[SourceQuality "1"]
[TimeControl "5400+30"]

1. d4 Nf6 2. Nf3 e6 3. g3 b5 4. a4 b4 5. Bg2 Bb7 6. c4 c5 7. O-O cxd4 8. Nxd4 Bxg2 9. Kxg2 Bc5 10. Nb3 Be7 11. a5 O-O 12. Qd3 Nc6 13. Bf4 d5 14. cxd5 Nxd5 15. Rd1 Bf6 16. Ra2 Qe7 17. N1d2 Rfd8 18. Qa6 e5 19. Be3 Nxe3+ 20. fxe3 Rd6 21. Qb5 Rad8 22. Rc1 Qe6 23. Qc4 Qf5 24. Rf1 Qg5 25. Rf3 Rxd2 26. Nxd2 Rxd2 27. Qxc6 h6 28. Qc8+ Kh7 29. Kf2 e4 30. Qf5+ Qg6 31. Qxg6+ Kxg6 32. Rf4 b3 33. Ra3 Rxb2 34. Rxe4 Rb1 35. Rg4+ Kf5 36. Rb4 b2 37. Rab3 g5 38. h3 h5 39. Rb5+ Ke6 40. Kf3 Ra1 41. Ke4 Ra4+ 42. Kd3 a6 43. Rb6+ Ke7 44. Rxa6 Ra3 45. Rxa3 b1=Q+ 46. Kc4 Bb2 47. Rd3 Qc2+ 48. Kb5 Be5 49. Ra7+ Kf6 50. Rdd7 Qxe2+ 51. Kc6 Qc4+ 52. Kb6 Bxg3 53. a6 Bf2 54. Rac7 Bxe3+ 55. Kb7 Qb5+ 56. Ka8 Qxa6+ 57. Kb8 Bf4 58. Rxf7+ Kg6 59. Rg7+ Kf5 60. Rgf7+ Qf6 0-1

[Event "Turkish Cup 2024"]
[Site "Denizli"]
[Date "2024.08.04"]
[Round "9"]
[White "Er, Mira"]
[Black "Gungor, Cihan Akif"]
[Result "1/2-1/2"]
[ECO "C78"]
[WhiteElo "1770"]
[BlackElo "2024"]
[Annotator "RC"]
[PlyCount "51"]
[EventDate "2024.08.01"]
[EventType "swiss"]
[EventCountry "TUR"]
[SourceTitle "playchess.com"]
[Source "ChessBase"]
[SourceQuality "1"]
[TimeControl "5400+30"]

1. e4 e5 2. Nf3 Nc6 3. Bb5 a6 4. Ba4 Nf6 5. O-O b5 6. Bb3 Bc5 7. a4 Rb8 8. axb5 axb5 9. Nxe5 Nxe5 10. d4 Bxd4 11. Qxd4 d6 12. f4 c5 13. Qd1 Ng6 14. e5 dxe5 15. Qxd8+ Kxd8 16. fxe5 Nxe5 17. Bf4 Nfd7 18. Bxf7 Rb6 19. Bg5+ Kc7 20. Nc3 Bb7 21. Nd5+ Bxd5 22. Bxd5 Rg6 23. Bf4 Kb6 24. Rae1 Re8 25. Bg3 Nf6 26. Bb3 1/2-1/2

[Event "Turkish Cup 2024"]
[Site "Denizli"]
[Date "2024.08.04"]
[Round "9"]
[White "Girgin, Muhammed Furkan"]
[Black "Kilic, Ihsan"]
[Result "0-1"]
[ECO "E05"]
[WhiteElo "1757"]
[BlackElo "1911"]
[Annotator "RC"]
[PlyCount "48"]
[EventDate "2024.08.01"]
[EventType "swiss"]
[EventCountry "TUR"]
[SourceTitle "playchess.com"]
[Source "ChessBase"]
[SourceQuality "1"]
[TimeControl "5400+30"]

1. d4 d5 2. c4 e6 3. Nf3 Nf6 4. g3 Be7 5. Bg2 O-O 6. O-O dxc4 7. Qc2 a6 8. a4 Bd7 9. Bg5 Bc6 10. Nbd2 b5 11. b3 cxb3 12. Nxb3 Be4 13. Qb2 Nbd7 14. Nbd2 Bxf3 15. Nxf3 Rb8 16. axb5 axb5 17. Rfc1 b4 18. Ra7 Ne8 19. Bxe7 Qxe7 20. Ne5 Nxe5 21. dxe5 g6 22. Bc6 Ng7 23. Bf3 Rfc8 24. Bb7 c5 0-1

[Event "Turkish Cup 2024"]
[Site "Denizli"]
[Date "2024.08.04"]
[Round "9"]
[White "Zor, Emir Aras"]
[Black "Dirikolu, Deniz"]
[Result "1-0"]
[ECO "E24"]
[WhiteElo "1734"]
[BlackElo "1911"]
[Annotator "RC"]
[PlyCount "45"]
[EventDate "2024.08.01"]
[EventType "swiss"]
[EventCountry "TUR"]
[SourceTitle "playchess.com"]
[Source "ChessBase"]
[SourceQuality "1"]
[TimeControl "5400+30"]

1. d4 Nf6 2. c4 e6 3. Nc3 Bb4 4. f3 d5 5. a3 Bxc3+ 6. bxc3 b6 7. Bg5 Bb7 8. e3 h6 9. Bh4 Nbd7 10. Bd3 c5 11. Ne2 Rc8 12. cxd5 exd5 13. O-O O-O 14. Bf5 g5 15. Bf2 cxd4 16. cxd4 Ne8 17. Ng3 Nd6 18. Qd3 Rc6 19. e4 Qc8 20. Qb1 Rc3 21. e5 Nc4 22. Nh5 Bc6 23. Bxd7 1-0

[Event "Turkish Cup 2024"]
[Site "Denizli"]
[Date "2024.08.04"]
[Round "9"]
[White "Kaya, Mehmet Yigit"]
[Black "Konusoglu, Kemal Safa"]
[Result "0-1"]
[ECO "B06"]
[WhiteElo "1669"]
[BlackElo "1904"]
[Annotator "RC"]
[PlyCount "88"]
[EventDate "2024.08.01"]
[EventType "swiss"]
[EventCountry "TUR"]
[SourceTitle "playchess.com"]
[Source "ChessBase"]
[SourceQuality "1"]
[TimeControl "5400+30"]

1. e4 g6 2. d4 Bg7 3. Be3 d6 4. Nc3 a6 5. Bc4 e6 6. Bb3 b5 7. a3 Bb7 8. f3 Nd7 9. Qd2 c5 10. dxc5 dxc5 11. Rd1 c4 12. Ba2 Ngf6 13. h4 Qe7 14. g4 Rd8 15. h5 Ne5 16. Qxd8+ Qxd8 17. Rxd8+ Kxd8 18. h6 Bf8 19. Bd4 Ned7 20. g5 e5 21. Bxe5 Nxe5 22. gxf6 Nd7 23. Nce2 Nxf6 24. Nd4 Bc5 25. c3 Nd7 26. Bb1 Ne5 27. Kf2 Ke7 28. Nge2 Rd8 29. Rd1 Ke8 30. Kg2 Bf8 31. Rh1 Rd6 32. Ng3 Rb6 33. Bc2 a5 34. b4 cxb3 35. Bxb3 a4 36. Bd5 Bxa3 37. Rb1 b4 38. cxb4 Nd3 39. Bxb7 Rxb7 40. b5 Bb2 41. Rd1 Nf4+ 42. Kf2 Rd7 43. Ke3 Ng2+ 44. Kf2 Rxd4 0-1

[Event "Turkish Cup 2024"]
[Site "Denizli"]
[Date "2024.08.05"]
[Round "10"]
[White "Maruflu, Enes Yusuf"]
[Black "Gunduz, Umut Erdem"]
[Result "1/2-1/2"]
[ECO "C13"]
[WhiteElo "2228"]
[BlackElo "2276"]
[Annotator "NA RC"]
[PlyCount "32"]
[EventDate "2024.08.01"]
[EventType "swiss"]
[EventCountry "TUR"]
[SourceTitle "playchess.com"]
[Source "ChessBase"]
[SourceQuality "1"]
[TimeControl "5400+30"]

1. e4 e6 2. d4 d5 3. Nc3 Nf6 4. Bg5 dxe4 5. Nxe4 Nbd7 6. Nf3 h6 7. Bh4 Be7 8. Nxf6+ Bxf6 9. Bxf6 Nxf6 10. Qd2 O-O 11. O-O-O b6 12. Ne5 c5 13. f3 cxd4 14. Qxd4 Bb7 15. Bc4 Qc7 16. Qd6 Rfc8 1/2-1/2

[Event "Turkish Cup 2024"]
[Site "Denizli"]
[Date "2024.08.05"]
[Round "10"]
[White "Metin, Enis"]
[Black "Mutlu, Burak Alp"]
[Result "0-1"]
[ECO "B31"]
[WhiteElo "2142"]
[BlackElo "1797"]
[Annotator "NA RC"]
[PlyCount "112"]
[EventDate "2024.08.01"]
[EventType "swiss"]
[EventCountry "TUR"]
[SourceTitle "playchess.com"]
[Source "ChessBase"]
[SourceQuality "1"]
[TimeControl "5400+30"]

1. e4 c5 2. Nf3 Nc6 3. Bb5 g6 4. Bxc6 dxc6 5. h3 Bg7 6. d3 e5 7. Be3 b6 8. O-O Qc7 9. a3 a5 10. Nbd2 Nf6 11. b4 axb4 12. axb4 Rxa1 13. Qxa1 cxb4 14. Qxe5+ Qxe5 15. Nxe5 Nxe4 16. Nxc6 Nxd2 17. Bxd2 b3 18. cxb3 Be6 19. b4 Kd7 20. b5 Ra8 21. Be3 Bf5 22. Kh2 Ra1 23. Rxa1 Bxa1 24. d4 Kd6 25. Nb4 Bd7 26. Bf4+ Ke6 27. d5+ Kf5 28. Bc7 Be5+ 29. Bxe5 Kxe5 30. Kg3 Bxb5 31. Kf3 Bc4 32. Ke3 Bxd5 33. f4+ Kd6 34. g4 Kc5 35. Na6+ Kc4 36. f5 gxf5 37. gxf5 b5 38. Kf4 b4 39. Nxb4 Kxb4 40. Kg5 Kc5 41. Kh6 Kd6 42. Kxh7 Ke5 43. h4 Kxf5 44. h5 Ke6 45. h6 Be4+ 46. Kg7 Ke7 47. Kg8 Kf6 48. Kh8 Bd3 49. Kg8 Ke7 50. Kg7 Bc2 51. Kg8 Ke6 52. Kg7 f6 53. Kg8 Bg6 54. Kg7 Kf5 55. Kg8 Kg5 56. Kg7 f5 0-1

[Event "Turkish Cup 2024"]
[Site "Denizli"]
[Date "2024.08.05"]
[Round "10"]
[White "Cevizci, Yusuf Baran"]
[Black "Akkara, Omer"]
[Result "1-0"]
[ECO "B22"]
[WhiteElo "2102"]
[BlackElo "1998"]
[Annotator "NA RC"]
[PlyCount "103"]
[EventDate "2024.08.01"]
[EventType "swiss"]
[EventCountry "TUR"]
[SourceTitle "playchess.com"]
[Source "ChessBase"]
[SourceQuality "1"]
[TimeControl "5400+30"]

1. e4 c5 2. c3 Nf6 3. e5 Nd5 4. Nf3 Nc6 5. d4 cxd4 6. cxd4 d6 7. Bc4 dxe5 8. Bxd5 Qxd5 9. Nc3 Qd6 10. d5 Nd4 11. Nxd4 exd4 12. Qxd4 e5 13. Qd3 Bd7 14. O-O Qg6 15. Qxg6 hxg6 16. Re1 O-O-O 17. Be3 b6 18. Rac1 Kb7 19. a3 f5 20. Bg5 Re8 21. h4 Bc5 22. b4 Bd6 23. Nd1 e4 24. Nb2 b5 25. Nd1 Rc8 26. Nc3 Be5 27. Ne2 Bb2 28. Rb1 Rc2 29. g3 Bxa3 30. Nf4 a5 31. Nxg6 Re8 32. bxa5 Ka6 33. Be3 Kxa5 34. Red1 b4 35. d6 Rb8 36. Ne5 Rb7 37. Bd2 Ka4 38. Nxd7 Rxd7 39. Bxb4 Bb2 40. Bc5 Kb3 41. Bd4 Rxd6 42. Bxb2 Rxd1+ 43. Rxd1 Kxb2 44. Rd5 Rc1+ 45. Kg2 Rc2 46. Kf1 Rc1+ 47. Ke2 Rc2+ 48. Rd2 g6 49. Rxc2+ Kxc2 50. f3 exf3+ 51. Kxf3 Kd3 52. g4 1-0

[Event "Turkish Cup 2024"]
[Site "Denizli"]
[Date "2024.08.05"]
[Round "10"]
[White "Kavri, Yusuf Eren"]
[Black "Uysal, Ugur"]
[Result "0-1"]
[ECO "E71"]
[WhiteElo "2090"]
[BlackElo "2114"]
[Annotator "NA RC"]
[PlyCount "56"]
[EventDate "2024.08.01"]
[EventType "swiss"]
[EventCountry "TUR"]
[SourceTitle "playchess.com"]
[Source "ChessBase"]
[SourceQuality "1"]
[TimeControl "5400+30"]

1. d4 Nf6 2. c4 g6 3. Nc3 Bg7 4. e4 d6 5. h3 Nbd7 6. Be3 e5 7. d5 Nc5 8. Qc2 O-O 9. Nge2 c6 10. dxc6 bxc6 11. O-O-O Qc7 12. g4 a5 13. Ng3 Ne6 14. f3 Rb8 15. h4 Nd4 16. Qf2 Bxg4 17. fxg4 Nxg4 18. Qd2 Nxe3 19. Qxe3 Qb6 20. Na4 Qb4 21. Bd3 Qxa4 22. Rh2 Qxa2 23. h5 Nb3+ 24. Kc2 Na1+ 25. Kc1 Nb3+ 26. Kc2 Nd4+ 27. Kc1 Rb3 28. Nf5 Nxf5 0-1

[Event "Turkish Cup 2024"]
[Site "Denizli"]
[Date "2024.08.05"]
[Round "10"]
[White "Baylav, Can"]
[Black "Madsman, Alp"]
[Result "1-0"]
[ECO "C01"]
[WhiteElo "2086"]
[BlackElo "1748"]
[Annotator "NA RC"]
[PlyCount "61"]
[EventDate "2024.08.01"]
[EventType "swiss"]
[EventCountry "TUR"]
[SourceTitle "playchess.com"]
[Source "ChessBase"]
[SourceQuality "1"]
[TimeControl "5400+30"]

1. c4 e6 2. e4 d5 3. exd5 exd5 4. d4 Nf6 5. Nc3 Be7 6. Bd3 dxc4 7. Bxc4 O-O 8. Nge2 Bf5 9. O-O Nbd7 10. Ng3 Bg6 11. h4 h6 12. h5 Bh7 13. Bf4 Nb6 14. Bb3 c6 15. Re1 Re8 16. Be5 Qd7 17. Nce4 Nxe4 18. Nxe4 Bxe4 19. Rxe4 Bf6 20. Rf4 Nd5 21. Bxd5 Qxd5 22. Rxf6 Rxe5 23. dxe5 gxf6 24. exf6 Qf5 25. Qd6 Qxh5 26. Re1 Qd5 27. Qc7 b5 28. Re5 Qc4 29. Re8+ Rxe8 30. Qg3+ Kf8 31. Qg7# 1-0

[Event "Turkish Cup 2024"]
[Site "Denizli"]
[Date "2024.08.05"]
[Round "10"]
[White "Yilmaz, Kerem Tuna"]
[Black "Avsar, Gediz"]
[Result "1-0"]
[ECO "B34"]
[WhiteElo "2025"]
[BlackElo "1880"]
[Annotator "NA RC"]
[PlyCount "109"]
[EventDate "2024.08.01"]
[EventType "swiss"]
[EventCountry "TUR"]
[SourceTitle "playchess.com"]
[Source "ChessBase"]
[SourceQuality "1"]
[TimeControl "5400+30"]

1. e4 c5 2. Nf3 g6 3. d4 cxd4 4. Nxd4 Nc6 5. Bc4 Bg7 6. Ne2 Nf6 7. Nbc3 d6 8. Bb3 Bd7 9. Bg5 Na5 10. Qd2 Nxb3 11. axb3 Bc6 12. f3 O-O 13. Bh6 Qc7 14. h4 Rfd8 15. Bxg7 Kxg7 16. h5 e5 17. Ng3 Ng8 18. Qg5 f6 19. hxg6 fxg5 20. Rxh7+ Kxg6 21. Rxc7 Nh6 22. O-O-O Nf7 23. Nf5 Kf6 24. Ne7 Rd7 25. Nxc6 Rxc7 26. Nd5+ Kg7 27. Nxc7 Rc8 28. Ne7 Rxc7 29. Nf5+ Kf6 30. Nxd6 Ke6 31. Nxf7 Rxf7 32. Kd2 g4 33. Ke3 gxf3 34. gxf3 Rh7 35. Rd2 Rh1 36. c3 Re1+ 37. Re2 Rh1 38. Rf2 Re1+ 39. Kd3 b6 40. Rh2 Rf1 41. Rh6+ Kd7 42. Kc4 Rxf3 43. Kd5 Rd3+ 44. Kxe5 Rd2 45. Rh7+ Kc6 46. Rxa7 Rxb2 47. b4 b5 48. Ra6+ Kb7 49. Rh6 Rd2 50. Rd6 Rc2 51. Kd4 Kc7 52. e5 Re2 53. Rd5 Kc6 54. Rc5+ Kb6 55. Kd5 1-0

[Event "Turkish Cup 2024"]
[Site "Denizli"]
[Date "2024.08.05"]
[Round "10"]
[White "Gungor, Cihan Akif"]
[Black "Ugur, Sefa"]
[Result "1-0"]
[ECO "B02"]
[WhiteElo "2024"]
[BlackElo "1785"]
[Annotator "NA RC"]
[PlyCount "99"]
[EventDate "2024.08.01"]
[EventType "swiss"]
[EventCountry "TUR"]
[SourceTitle "playchess.com"]
[Source "ChessBase"]
[SourceQuality "1"]
[TimeControl "5400+30"]

1. e4 Nf6 2. d3 d5 3. Nd2 Nc6 4. Ngf3 Bg4 5. Be2 dxe4 6. dxe4 e5 7. c3 Be7 8. O-O O-O 9. Qc2 Re8 10. b4 a6 11. a4 Bf8 12. Bb2 Ne7 13. Bc4 Nc8 14. Rfe1 Nd6 15. Ba2 b5 16. c4 Bxf3 17. Nxf3 Nxc4 18. Bxc4 bxc4 19. Qxc4 Bd6 20. Reb1 Qd7 21. Bc3 Qg4 22. Nd2 Nh5 23. Nf1 Nf4 24. Ne3 Qh5 25. f3 Re6 26. b5 Rg6 27. Ng4 Rxg4 28. fxg4 Qxg4 29. Ra2 axb5 30. Qxb5 Rd8 31. Kh1 h5 32. Qf1 h4 33. Qf3 Qe6 34. Rd2 Qe8 35. a5 Ra8 36. Rdb2 c5 37. g3 hxg3 38. hxg3 Ng6 39. Qd3 Qe6 40. Qd5 Qxd5 41. exd5 Ne7 42. Rd1 Nf5 43. Be1 Ne3 44. Rdb1 f5 45. Rb6 Nc4 46. Rc6 Bf8 47. a6 Na3 48. Rd1 Nc2 49. d6 Nd4 50. Rxd4 1-0

[Event "Turkish Cup 2024"]
[Site "Denizli"]
[Date "2024.08.05"]
[Round "10"]
[White "Seker, Gokhan"]
[Black "Kolat, Ata"]
[Result "1-0"]
[ECO "E00"]
[WhiteElo "2009"]
[BlackElo "1908"]
[Annotator "NA RC"]
[PlyCount "49"]
[EventDate "2024.08.01"]
[EventType "swiss"]
[EventCountry "TUR"]
[SourceTitle "playchess.com"]
[Source "ChessBase"]
[SourceQuality "1"]
[TimeControl "5400+30"]

1. d4 Nf6 2. c4 e6 3. Bg5 Bb4+ 4. Nd2 h6 5. Bxf6 Qxf6 6. a3 Be7 7. Ngf3 O-O 8. e3 c5 9. Ne4 Qf5 10. Bd3 cxd4 11. Nxd4 Qa5+ 12. b4 Qd8 13. g3 Nc6 14. Nxc6 dxc6 15. Qb3 a5 16. Rd1 axb4 17. axb4 Qc7 18. c5 Rd8 19. O-O Kh8 20. Bb1 b6 21. Rxd8+ Bxd8 22. Qc2 g6 23. Qc3+ Kg8 24. Nd6 bxc5 25. Ne8 1-0